 Dungeon Crawl Stone Soup version 0.32-a0-18-g89e19f1974 (webtiles) character file.

Game seed: 18136694806068825509

26964 Newt the Markskobold (level 13, -14/72 HPs)
             Began as a Kobold Hunter on Jan 16, 2024.
             Was an Elder of Hepliaklqana.
             Shot with an arrow by a centaur warrior (22 damage)
             ... on level 13 of the Dungeon.
             The game lasted 00:17:16 (12439 turns).

Newt the Markskobold (Kobold Hunter)               Turns: 12439, Time: 00:17:16

Health: -14/72     AC:  6    Str:  8    XL:     13   Next: 62%
Magic:  28/28      EV: 22    Int: 11    God:    Hepliaklqana [****..]
Gold:   694        SH:  0    Dex: 23    Spells: 35/35 levels left

rFire   + + +        a - +2 shortbow (freeze)
rCold   . . .        (shield currently unavailable)
rNeg    + . .        H - +3 leather armour of Vermicelli {Harm *Corrode rF+++ rN+}
rPois   .            (no helmet)
rElec   .            F - scarf {repulsion}
rCorr   +            (no gloves)
SInv    .            (no boots)
Will    .....        (no amulet)
Stlth   +++++        k - ring of resist corrosion
HPRegen 0.32/turn    i - +4 ring of slaying
MPRegen 0.21/turn

%: corrode self (3%), harm (+30% outgoing, +20% incoming), repel missiles
@: about to teleport
A: reduced essence, small, no large weapons, nightstalker 3
a: Renounce Religion, Recall Ancestor, Ancestor Identity, Transference, Idealise


You were on level 13 of the Dungeon.
You worshipped Hepliaklqana.
Hepliaklqana was greatly pleased with you.
You visited 2 branches of the dungeon, and saw 14 of its levels.
You also visited: Bailey.

You collected 974 gold pieces.
You spent 280 gold pieces at shops.

Inventory:

Hand Weapons
 a - a +2 shortbow of freezing (weapon)
Missiles
 l - 2 throwing nets
Armour
 c - a +0 leather armour
 j - the +0 robe of Fashionability {rElec Regen+ Str-5 Int+3}
   (You found it on level 2 of the Dungeon)

   Str-5:     It affects your strength (-5).
   Int+3:     It affects your intelligence (+3).
   rElec:     It insulates you from electricity.
   Regen+:    It increases your rate of health regeneration.
 o - a +1 cloak
 F - a scarf of repulsion (worn)
 H - the +3 leather armour of Vermicelli (worn) {Harm *Corrode rF+++ rN+}
   (You found it on level 10 of the Dungeon)

   rF+++:     It renders you almost immune to fire.
   rN+:       It protects you from negative energy.
   *Corrode:  It may corrode you when you take damage.
   Harm:      It increases damage dealt and taken.
Jewellery
 i - a +4 ring of slaying (right hand)
 k - a ring of resist corrosion (left hand)
 D - a ring of willpower
 J - a ring of wizardry
 O - an amulet of the acrobat
Wands
 m - a wand of iceblast (15)
 q - a wand of acid (3)
 t - a wand of polymorph (9)
 v - a wand of flame (24)
 M - a wand of charming (7)
Scrolls
 b - a scroll of butterflies
 e - a scroll of summoning
 p - 3 scrolls of amnesia
 r - 5 scrolls of teleportation
 u - a scroll of vulnerability
 w - a scroll of immolation
 x - 2 scrolls of enchant weapon
 y - 2 scrolls of silence
 z - a scroll of enchant armour
 I - 3 scrolls of poison
 K - 2 scrolls of blinking
Potions
 d - 3 potions of invisibility
 f - 3 potions of enlightenment
 g - 4 potions of attraction
 h - a potion of degeneration
 n - 3 potions of cancellation
 s - a potion of might
 A - a potion of lignification
 B - 3 potions of resistance
 C - a potion of magic
 E - 4 potions of curing
 G - 2 potions of heal wounds
 L - a potion of haste
 N - 2 potions of ambrosia


   Skills:
 - Level 9.0 Fighting
 - Level 15.2 Ranged Weapons
 - Level 1.0 Throwing
 - Level 10.0 Dodging
 - Level 8.0 Stealth
 - Level 11.6 Spellcasting
 + Level 5.5 Invocations
 - Level 9.0 Evocations


You had 35 spell levels left.
You didn't know any spells.
Your spell library contained the following spells:

 Spells                   Type           Power      Damage    Failure   Level
 Apportation              Tloc           12%        N/A       16%         1
 Freeze                   Ice            24%        1d4       16%         1
 Kiss of Death            Conj/Necr      24%        2d7       16%         1
 Necrotise                Necr           24%        1d5       16%         1
 Sting                    Conj/Alch      24%        1d4       16%         1
 Summon Small Mammal      Summ           24%        N/A       16%         1
 Cigotuvi's Dreadful Rot  Necr/Alch/Air  12%        N/A       24%         2
 Lesser Beckoning         Tloc           12%        N/A       24%         2
 Mercury Vapours          Alch/Air       12%        N/A       24%         2
 Scorch                   Fire           12%        2d5       24%         2
 Confusing Touch          Hex            6%         N/A       43%         3
 Frozen Ramparts          Ice            12%        1d2       43%         3
 Gell's Gravitas          Tloc           6%         N/A       43%         3
 Hailstorm                Conj/Ice       6%         3d5       43%         3
 Mephitic Cloud           Conj/Alch/Air  6%         N/A       43%         3
 Stone Arrow              Conj/Erth      12%        3d7       43%         3
 Teleport Other           Tloc           6%         N/A       43%         3
 Animate Armour           Summ/Erth      12%        N/A       85%         4
 Dispel Undead            Necr           6%         3d8       85%         4
 Flame Wave               Conj/Fire      6%         2d5       85%         4
 Ignite Poison            Fire/Alch      6%         N/A       85%         4
 Freezing Cloud           Conj/Ice/Air   3%         6-21      99%         5
 Summon Cactus Giant      Summ           3%         N/A       100%        6
 Lehudib's Crystal Spear  Conj/Erth      3%         10d2      100%        8


Dungeon Overview and Level Annotations

Branches:
Dungeon (13/15)            Temple (1/1) D:6            Lair (0/5) D:9
    Orc (0/2) D:9          Bailey (visited)
 Vaults: D:13-14

Altars:
Ashenzari
Cheibriados
Dithmenos
Elyvilon
Fedhas
Gozag
Hepliaklqana
Kikubaaqudgha
Makhleb
Nemelex Xobeh
Okawaru
Qazlal
Ru
Sif Muna
Trog
Uskayaw
Vehumet
Wu Jian
Xom
Yredelemnul
Zin
The Shining One

Shops:
D:1 :   D:7 (   D:9 [   D:12 !

Annotations:
D:9 1 runed translucent door, p00ps00p's ghost, journeyman HOFi


Innate Abilities, Weirdness & Mutations

Your life essence is reduced to manifest your ancestor. (-10% HP)
You are small and have problems with some larger weapons.
You are completely attuned to the shadows.


Message History

As you read the scroll of teleportation, it crumbles to dust.
You feel strangely unstable.
The centaur warrior shoots an arrow.
Eadwine blocks the arrow.
Eadwine closely misses the kobold demonologist.
The centaur warrior throws a stone.
The stone closely misses you.
The centaur warrior shoots an arrow.
The arrow barely misses Eadwine.
The arrow completely misses you.
Unknown command.
Fire: a) +2 shortbow (freeze)
Press: ? - help, Q - select action, (/) - cycle Shift-Dir - straight line, f/p - kobold demonologist
Aim: a kobold demonologist, wielding a +0 flail and wearing a +0 robe (lightly wounded, ally target, 70% to hit)
You shoot an arrow. The arrow hits the kobold demonologist!
The arrow freezes the kobold demonologist.
The kobold demonologist is severely wounded.
The centaur warrior throws a stone.
The stone completely misses you.
The centaur warrior shoots an arrow.
Eadwine blocks the arrow.
Unknown command.
Fire: a) +2 shortbow (freeze)
Press: ? - help, Q - select action, (/) - cycle Shift-Dir - straight line, f/p - kobold demonologist
Aim: a kobold demonologist, wielding a +0 flail and wearing a +0 robe (severely wounded, ally target, 70% to hit)
You shoot an arrow.
The arrow hits the kobold demonologist but does no damage.
The kobold demonologist is severely wounded.
The centaur warrior shoots an arrow.
The arrow closely misses you.
The kobold demonologist hits you with a +0 flail!
You hear a shout!
Unknown command.
Unknown command.
You shoot an arrow. The arrow hits the kobold demonologist.
The arrow freezes the kobold demonologist.
The kobold demonologist is almost dead.
You hear a shout! x3
The centaur warrior shoots an arrow.
The arrow hits you!
* * * LOW HITPOINT WARNING * * *
The centaur warrior unwields a +0 shortbow.
Eadwine blocks the centaur warrior's attack.
The centaur warrior kicks Eadwine but does no damage.
Eadwine closely misses the kobold demonologist.
The centaur warrior shoots an arrow.
The arrow hits you!!
You die...

### ###@##
###..K.#
##....R##
#..$.c).#
.##c...).h#
..).<...)##
.....†).##
..........
.........[


You could see the friendly Eadwine the knight, 2 centaur warriors and a kobold
demonologist (ally target).

Vanquished Creatures
  2 vault guards (Bailey)
  A centaur warrior (D:13)
  A two-headed ogre (D:9)
  Sonja (D:11)
  Amaemon (D:11)
  Lodul (D:11)
  4 skeletal warriors (D:10)
  A deep elf pyromancer (D:12)
  Maurice (D:10)
  A cyclops (D:12)
  An unseen horror (D:11)
  A rime drake (D:9)
  2 tengu conjurers (D:13)
  3 trolls
  Prince Ribbit (Bailey)
  Grinder (D:4)
  4 slime creatures (D:12)
  3 wyverns
  7 humans (Bailey)
  21 yaks
  A steam dragon (D:8)
  An acid dragon (D:5)
  Duvessa (D:5)
  2 water moccasins
  2 black bears (D:6)
  2 orc warriors (Bailey)
  8 ice beasts
  3 sky beasts
  A wolf (D:9)
  5 ogres
  4 centaurs
  2 phantoms
  A kobold brigand (D:8)
  16 bullfrogs
  5 scorpions
  A gnoll sergeant (D:12)
  A water moccasin zombie (D:4)
  4 wights (D:8)
  Dowan (D:5)
  9 killer bees
  4 howler monkeys
  A bombardier beetle (D:5)
  A centaur zombie (D:4)
  2 gnoll boudas (D:6)
  2 hounds
  A jelly (D:7)
  Crazy Yiuf (D:6)
  4 orc priests
  A sleepcap (D:6)
  Terence (D:3)
  Ijyb (D:5)
  2 iguanas
  7 orc wizards
  A statue (D:6)
  2 hound zombies (D:4)
  21 gnolls
  3 adders
  A shadow imp (D:8)
  3 white imps
  An adder zombie (D:4)
  5 dart slugs
  24 orcs
  4 endoplasms
  3 giant cockroaches (D:1)
  12 goblins
  13 hobgoblins
  3 jackals (D:2)
  8 kobolds
  5 quokkas
  7 ball pythons
  4 bats
  3 frilled lizards
  23 rats
302 creatures vanquished.

Vanquished Creatures (collateral kills)
  The ghost of experimilk the Grappler, a journeyman TrGl of Hepliaklqana (D:10)
  3 centaur warriors (D:13)
  The ghost of Hellonello the Grappler, a novice AtSh of Uskayaw (D:10)
  A manticore (D:13)
  2 cyclopes (D:11)
  An orange demon (D:11)
  A komodo dragon (D:12)
  A polar bear (D:9)
  3 yaks
  A human (Bailey)
  An orc warrior (D:9)
  An ice beast (D:9)
  A wolf (D:9)
  A centaur (D:13)
  3 ogres (D:11)
  A bullfrog (Bailey)
  3 killer bees
  An orc wizard (D:9)
  3 orcs
  2 goblins (D:8)
  3 kobolds (D:8)
35 creatures vanquished.

Vanquished Creatures (others)
  A killer bee (D:10)
  5 ancestors
  4 knights
10 creatures vanquished.

Grand Total: 347 creatures vanquished

Notes
Turn   | Place    | Note
-------+----------+-------------------------------------------
     0 | D:1      | Newt the Kobold Hunter began the quest for the Orb.
     0 | D:1      | Reached XP level 1. HP: 12/12 MP: 1/1
   112 | D:1      | Found Koabad's Book Shoppe.
   216 | D:1      | Reached XP level 2. HP: 8/18 MP: 2/2
   382 | D:1      | Reached XP level 3. HP: 23/23 MP: 3/3
   866 | D:2      | Found a radiant altar of Vehumet.
  1091 | D:2      | Identified the +0 robe of Fashionability {rElec Regen+
                  | Str-5 Int+3}
  1269 | D:2      | Reached XP level 4. HP: 30/30 MP: 4/4
  2430 | D:3      | Found a snail-covered altar of Cheibriados.
  2503 | D:3      | Noticed Terence
  2513 | D:3      | Killed Terence
  2514 | D:3      | Reached skill level 5 in Fighting
  2514 | D:3      | Reached skill level 1 in Throwing
  2514 | D:3      | Reached XP level 5. HP: 31/35 MP: 5/5
  2844 | D:3      | Found a faded altar of an unknown god.
  3163 | D:4      | Reached skill level 6 in Ranged Weapons
  3168 | D:4      | Reached XP level 6. HP: 35/40 MP: 6/6
  3174 | D:4      | Found a basalt altar of Yredelemnul.
  3196 | D:4      | Reached skill level 7 in Ranged Weapons
  3412 | D:4      | Reached skill level 8 in Ranged Weapons
  3646 | D:4      | Noticed Grinder
  3647 | D:4      | Paralysed by Grinder for 4 turns
  3658 | D:4      | Killed Grinder
  3659 | D:4      | Reached skill level 9 in Ranged Weapons
  3659 | D:4      | Reached XP level 7. HP: 37/44 MP: 7/7
  3889 | D:5      | Entered Level 5 of the Dungeon
  4139 | D:5      | Reached skill level 5 in Dodging
  4170 | D:5      | Reached XP level 8. HP: 49/49 MP: 8/8
  4257 | D:5      | Noticed Ijyb
  4267 | D:5      | Killed Ijyb
  4268 | D:5      | Reached skill level 1 in Evocations
  4496 | D:5      | Noticed Duvessa
  4496 | D:5      | Noticed Dowan
  4498 | D:5      | Killed Dowan
  4501 | D:5      | Killed Duvessa
  4502 | D:5      | Reached skill level 5 in Evocations
  4762 | D:5      | Reached skill level 10 in Ranged Weapons
  4914 | D:5      | Reached XP level 9. HP: 26/54 MP: 9/9
  5024 | D:6      | Reached skill level 11 in Ranged Weapons
  5203 | D:6      | Reached skill level 12 in Ranged Weapons
  5205 | D:6      | Found an iron altar of Okawaru.
  5218 | D:6      | Found a white marble altar of Elyvilon.
  5297 | D:6      | Found a stormy altar of Qazlal.
  5297 | D:6      | Found a shimmering altar of Xom.
  5551 | D:6      | Found a runed translucent door.
  5588 | D:6      | Found a staircase to the Ecumenical Temple.
  5594 | Temple   | Entered the Ecumenical Temple
  5598 | Temple   | Became a worshipper of Hepliaklqana the Forgotten
  5678 | D:6      | Found a radiant altar of Vehumet.
  5882 | D:6      | Noticed Crazy Yiuf
  5886 | D:6      | Killed Crazy Yiuf
  5982 | D:7      | Found Zimuqy's Weapon Shop.
  5990 | D:7      | Noticed a +0 quick blade
  6207 | D:7      | Reached * piety under Hepliaklqana
  6481 | D:7      | Reached XP level 10. HP: 53/53 MP: 10/10
  6575 | D:8      | Reached skill level 10 in Dodging
  6861 | D:8      | Reached skill level 13 in Ranged Weapons
  6878 | D:8      | Reached skill level 14 in Ranged Weapons
  6977 | D:8      | Found a flagged portal.
  7002 | Bailey   | Entered a bailey
  7032 | Bailey   | Reached skill level 15 in Ranged Weapons
  7218 | Bailey   | Reached XP level 11. HP: 56/56 MP: 11/11
  7249 | Bailey   | Noticed Prince Ribbit
  7250 | Bailey   | Noticed a vault guard
  7253 | Bailey   | Killed Prince Ribbit
  7260 | Bailey   | Killed a vault guard
  7291 | Bailey   | Noticed a vault guard
  7298 | Bailey   | Killed a vault guard
  8527 | D:9      | Reached ** piety under Hepliaklqana
  8528 | D:9      | Remembered your ancestor Eadwine as a knight
  8548 | D:9      | Found Omagaorch's Armour Shop.
  8577 | D:9      | Noticed a two-headed ogre
  8595 | D:9      | Reached skill level 5 in Stealth
  8596 | D:9      | Killed a two-headed ogre
  8618 | D:9      | Reached XP level 12. HP: 68/68 MP: 12/12
  8646 | D:9      | Reached skill level 1 in Spellcasting
  8708 | D:9      | Found a staircase to the Lair.
  8971 | D:9      | Found a runed translucent door.
  8971 | D:9      | Noticed p00ps00p's ghost (journeyman HOFi)
  9267 | D:9      | Found a burning altar of Makhleb.
  9269 | D:9      | Noticed a balrug
  9343 | D:9      | Found a staircase to the Orcish Mines.
  9451 | D:10     | Entered Level 10 of the Dungeon
  9474 | D:10     | Found an opulent altar of Gozag.
  9583 | D:10     | Found a shadowy altar of Dithmenos.
  9636 | D:10     | Reached skill level 5 in Spellcasting
  9765 | D:10     | Identified the +3 leather armour of Vermicelli {Harm
                  | *Corrode rF+++ rN+}
 10034 | D:10     | Noticed a skeletal warrior
 10035 | D:10     | Noticed a skeletal warrior
 10037 | D:10     | Noticed a skeletal warrior
 10038 | D:10     | Noticed a skeletal warrior
 10039 | D:10     | Killed a skeletal warrior
 10040 | D:10     | Killed a skeletal warrior
 10043 | D:10     | Killed a skeletal warrior
 10048 | D:10     | Killed a skeletal warrior
 10152 | D:10     | Reached *** piety under Hepliaklqana
 10401 | D:10     | Found a runed translucent gate.
 10401 | D:10     | Found a runed translucent gate.
 10402 | D:10     | Found a runed translucent gate.
 10498 | D:10     | Noticed Maurice
 10509 | D:10     | Killed Maurice
 10696 | D:10     | Noticed Hellonello's ghost (novice AtSh)
 10696 | D:10     | Noticed experimilk's ghost (journeyman TrGl)
 10708 | D:10     | Killed experimilk's ghost
 10712 | D:10     | Killed Hellonello's ghost
 10738 | D:11     | Noticed Sonja
 10741 | D:11     | Killed Sonja
 10881 | D:11     | Reached XP level 13. HP: 56/72 MP: 26/26
 10987 | D:11     | Noticed Amaemon
 11000 | D:11     | Killed Amaemon
 11001 | D:11     | Reached skill level 10 in Spellcasting
 11007 | D:11     | Noticed Lodul
 11014 | D:11     | Killed Lodul
 11755 | D:12     | Found Idwiplath's Distillery.
 11759 | D:12     | Bought a potion of heal wounds for 70 gold pieces
 11759 | D:12     | Bought a potion of heal wounds for 70 gold pieces
 11759 | D:12     | Bought a potion of haste for 140 gold pieces
 11847 | D:12     | Reached **** piety under Hepliaklqana
 12028 | D:12     | Identified the +2 cloak of Indemnity {Dex+2}
 12339 | D:13     | Reached skill level 1 in Invocations
 12339 | D:13     | Noticed a centaur warrior
 12345 | D:13     | Killed a centaur warrior
 12347 | D:13     | Noticed a centaur warrior
 12352 | D:13     | Killed a centaur warrior
 12352 | D:13     | Noticed a centaur warrior
 12365 | D:13     | Killed a centaur warrior
 12366 | D:13     | Reached skill level 5 in Invocations
 12404 | D:13     | Noticed a centaur warrior
 12405 | D:13     | Killed a centaur warrior
 12433 | D:13     | Noticed a centaur warrior
 12435 | D:13     | Noticed a centaur warrior
 12439 | D:13     | Shot with an arrow by a centaur warrior

Illustrated notes

Levels and vault maps discovered:
D:1:      lemuel_arrival_hallway, layout_basic, serial_shops,
          nicolae_shop_hallway_stairs, minmay_surrounded
D:2:      minmay_chambers_of_twos, layout_loops_corners, serial_forest,
          infiniplex_forest_corner_1, infiniplex_forest_straight_3,
          infiniplex_forest_clump_double, infiniplex_forest_lined_4_way,
          infiniplex_forest_corner_2, infiniplex_forest_clump_tiny,
          infiniplex_forest_lined_room_, infiniplex_forest_lined_corner,
          basic_altar, minmay_split_cup_small
D:3:      layout_basic, mainiacjoe_overflow_alcove_1,
          hellmonk_ecumenical_altar_run_dry, minmay_rat_hole, uniq_terence
D:4:      layout_basic, nicolae_yredelemnul_corpse_copse,
          hangedman_abyss_or_decor_slice, kennysheep_small_spiral, uniq_grinder
D:5:      dreamdust_elfheim, layout_gridville, uniq_ijyb, uniq_duvessa
D:6:      layout_basic, elyvilon_altar_5, gammafunk_temple_overflow_pools,
          vehumet_statue, okawaru_metal_pillars_1_2,
          minmay_temple_entry_overgrown, uniq_crazy_yiuf_cottage
D:7:      layout_basic, serial_shops, nicolae_shop_mannequins
D:8:      layout_basic, enter_bailey_5, chequers_serial_rivers_marsh,
          grunt_ogre_cave
D:9:      layout_loops_ring, makhleb_altar_promises_db, hellmonk_lair_entry_icy,
          orc_0_dummy, serial_shops, nicolae_shop_gibbet_a_chance,
          gammafunk_ghost_grave
D:10:     layout_gridville, mainiacjoe_overflow_small_starburst,
          grunt_gozag_statues, gammafunk_ghost_cemetery, uniq_maurice
D:11:     layout_rooms, uniq_amaemon, uniq_sonja, uniq_lodul
D:12:     layout_loops_ring, serial_shops, nicolae_shop_window_shopping
D:13:     minmay_the_grid_octo_tiled_squarecenter_mashed
          [minmay_the_grid_octo_empty, minmay_the_grid_octo_clover_2,
          minmay_the_grid_octo_clover, minmay_the_grid_octo_tetromino_candy,
          minmay_the_grid_square_5x5_megaprize_hollow,
          minmay_the_grid_square_5x5_inner_i,
          minmay_the_grid_square_5x5_trominoes,
          minmay_the_grid_square_5x5_shuriken,
          minmay_the_grid_square_5x5_fat_x], layout_cave_pools,
          hellmonk_vaults_order_and_chaos, moated_statue, uniq_frances
Temple:   hellmonk_temple_two_chambers

Skill      XL: |  1  2  3  4  5  6  7  8  9 10 11 12 13 |
---------------+----------------------------------------+-----
Fighting       | 3 4 5 9 |  9.0
Throwing       | 1 |  1.0
Ranged Weapons | 6 9 10 12 15 | 15.2
Dodging        | 3 5 6 9 10 | 10.0
Evocations     | 5 7 9 |  9.0
Stealth        | 7 8 |  8.0
Spellcasting   | 9 11 | 11.6
Invocations    | 5 |  5.5

Action                     |  1- 3 |  4- 6 |  7- 9 | 10-12 | 13-15 || total
---------------------------+-------+-------+-------+-------+-------++-------
   Fire: Shortbow          |    71 |   151 |   240 |   488 |   112 ||  1062
 Invoke: Recall Ancestor   |       |       |       |     3 |       ||     3
         Ancestor Life: Kn |       |       |       |     1 |       ||     1
  Evoke: Wand              |       |     2 |     6 |    17 |     4 ||    29
    Use: Scroll            |     1 |    10 |     4 |     8 |     7 ||    30
         Potion            |       |     2 |       |     1 |     1 ||     4
 Armour: Leather armour    |    14 |       |       |    16 |    29 ||    59
         Robe              |       |    38 |    39 |    42 |       ||   119
  Dodge: Dodged            |    25 |    65 |    65 |   188 |    57 ||   400
         Repelled          |       |       |       |     2 |       ||     2

Table legend: (Time is in decaauts)
 A = Elapsed time spent in this place.
 B = Non-inter-level travel time spent in this place.
 C = Inter-level travel time spent in this place.
 D = Time resting spent in this place.
 E = Time spent auto-exploring this place.
 F = Levels seen in this place.
 G = Mean time per level.
                   A        B        C        D        E       F      G
               +--------+--------+--------+--------+--------+-----+--------+
         Total |  12274 |  11725 |    549 |   1033 |   8888 |  15 |  818.3 |
       Dungeon |  11844 |  11303 |    541 |    905 |   8713 |  13 |  911.1 |
        Temple |      8 |      1 |      7 |      0 |      0 |   1 |    8.0 |
        Bailey |    421 |    421 |      0 |    128 |    174 |   1 |  421.0 |
               +--------+--------+--------+--------+--------+-----+--------+

Top non-repeatable levels by time:
     D:8: 1425 daAuts
    D:10: 1366 daAuts
     D:2: 1224 daAuts
     D:3: 1148 daAuts
     D:5: 1106 daAuts
     D:9: 940 daAuts
     D:6: 916 daAuts
     D:4: 819 daAuts
    D:12: 805 daAuts
     D:1: 722 daAuts
    D:11: 662 daAuts
     D:7: 608 daAuts
  Bailey: 421 daAuts
    D:13: 98 daAuts
  Temple: 8 daAuts
